 Dungeon Crawl Stone Soup version 0.20-a0-427-g8b12978 (webtiles) character file.

393 Kriby the Magician (level 6, -2/41 HPs)
             Began as a Mummy Fire Elementalist on Jan 1, 2017.
             Slain by an orc wizard
             ... wielding a +0 dagger
              (3 damage)
             ... on level 5 of the Dungeon.
             The game lasted 00:09:50 (4523 turns).

Kriby the Magician (Mummy Fire Elementalist)        Turns: 4523, Time: 00:09:51

Health: -2/41      AC:  3    Str: 11    XL:     6   Next: 51%
Magic:  13/13      EV: 12    Int: 19    God:
Gold:   181        SH:  0    Dex: 13    Spells: 4/14 levels left

rFire  x . .     SeeInvis .     a - +1 dagger (venom)
rCold  + . .     Gourm    .     g - +0 robe
rNeg   + + +     Faith    .     (no shield)
rPois  ∞         Spirit   .     (no helmet)
rElec  .         Reflect  .     (no cloak)
rCorr  .         Harm     .     q - +0 pair of gloves
MR     .....                    (no boots)
Stlth  ..........               (no amulet)
                                n - +3 ring of intelligence
                                h - ring of loudness (curse)

@: confused
A: no food or potions, fire vulnerability, cold resistance 1, negative energy
resistance 3, torment resistance, unbreathing
a: no special abilities


You were on level 5 of the Dungeon.
You were not hungry.

You visited 2 branches of the dungeon, and saw 6 of its levels.

You collected 181 gold pieces.

Inventory:

Hand Weapons
 a - a +1 dagger of venom (weapon)
 b - a +0 blowgun
Missiles
 m - 17 poisoned needles
Armour
 g - a +0 robe (worn)
 q - a +0 pair of gloves (worn)
Jewellery
 h - a cursed ring of loudness (left hand)
 n - a +3 ring of intelligence (right hand)
 s - an uncursed ring of positive energy {unknown}
Scrolls
 c - 3 scrolls of identify
 d - 4 scrolls of blinking
 e - 2 scrolls of recharging {unknown}
 f - 2 scrolls of enchant armour {unknown}
 i - a scroll of amnesia {unknown}
 j - 3 scrolls of teleportation {unknown}
 k - a scroll of immolation {unknown}
 o - a scroll of fog {unknown}
 p - a scroll of noise {unknown}
 r - a scroll of magic mapping {unknown}
Books
 l - a book of Flames

   Spells                             Type                      Level
   a - Flame Tongue                   Conjuration/Fire             1
   b - Throw Flame                    Conjuration/Fire             2
   c - Conjure Flame                  Conjuration/Fire             3
   d - Inner Flame                    Hexes/Fire                   3
   e - Sticky Flame                   Conjuration/Fire             4
   f - Fireball                       Conjuration/Fire             5


   Skills:
 - Level 1.5 Dodging
 - Level 1.5 Stealth
 * Level 4.8 Spellcasting
 + Level 3.8 Conjurations
 + Level 3.7 Fire Magic


You had 4 spell levels left.
You knew the following spells:

 Your Spells              Type           Power        Failure   Level  Hunger
a - Flame Tongue          Conj/Fire      ###..        2%          1    N/A
b - Conjure Flame         Conj/Fire      ###.....     10%         3    N/A
c - Sticky Flame          Conj/Fire      ###.....     28%         4    N/A
d - Throw Flame           Conj/Fire      ###...       4%          2    N/A

Dungeon Overview and Level Annotations

Branches:
Dungeon (5/15)             Temple (1/1) D:4

Altars:
Dithmenos
Fedhas
Gozag
Qazlal
Trog
Uskayaw
Vehumet
Zin
The Shining One

Annotations:
D:3 temujin's ghost, amateur GrFi


Innate Abilities, Weirdness & Mutations

You do not eat or drink.
Your flesh is vulnerable to fire.
You are immune to poison.
Your flesh is cold resistant. (rC+)
You are immune to negative energy. (rN+++)
You are immune to unholy pain and torment.
You can survive without breathing.


Message History

* * * LOW HITPOINT WARNING * * *
You miss something.
The crimson imp blinks!
Something hits you.
* * * LOW HITPOINT WARNING * * *
You miss something. Something hits you.
* * * LOW HITPOINT WARNING * * *
The crimson imp blinks!
Something hits you.
* * * LOW HITPOINT WARNING * * *
The orc closely misses you.
You hit the orc.
The orc is moderately wounded.
You hear some strange, mumbled words.
Something tries to affect you, but you resist.
The crimson imp closely misses you. Something barely misses you.
The orc closely misses you.
You're too confused!
You can't eat.
Unknown command.
You're too confused!
You completely miss something. Something hits you.
You die...

#.##.#.#.#.#........#
#......#>...)..####.#
####.########### #.#
#.### #...# #######
###.# #.....#
#.###5....# .....
..##..{@{....#
...........###o...§#
#..o...............#
#.#..##.#.5##.######
#.....#....##.#
#.###......##.#
#.#!#...#.###o#
#.###.....###.#
#.............#


You could see a crimson imp and an orc.

Vanquished Creatures
  An ice beast (D:4)
  A scorpion (D:4)
  A howler monkey (D:3)
  An orc priest (D:4)
  A worker ant (D:4)
  Natasha (twice) (D:4)
  3 adders
  An ooze (D:1)
  An adder skeleton (D:4)
  2 worms (D:3)
  2 dart slugs (D:1)
  A leopard gecko (D:1)
  2 orcs (D:4)
  9 bats
  4 giant cockroaches
  4 goblins (D:1)
  6 hobgoblins
  9 jackals
  9 kobolds
  2 quokkas
  2 ball pythons
  3 frilled lizards
  6 rats
73 creatures vanquished.

Notes
Turn   | Place    | Note
-------+----------+-------------------------------------------
     0 | D:1      | Kriby the Mummy Fire Elementalist began the quest for the Orb.
     0 | D:1      | Reached XP level 1. HP: 13/13 MP: 4/4
    35 | D:1      | Reached skill level 1 in Conjurations
   164 | D:1      | Reached XP level 2. HP: 19/19 MP: 1/5
   566 | D:1      | Reached skill level 3 in Spellcasting
   729 | D:1      | Reached XP level 3. HP: 24/24 MP: 3/7
   843 | D:1      | Learned a level 3 spell: Conjure Flame
  1833 | D:3      | Reached XP level 4. HP: 30/30 MP: 5/9
  1936 | D:3      | Noticed temujin's ghost (amateur GrFi)
  1948 | D:3      | Found a faded altar of an unknown god.
  2559 | D:4      | Identified the cursed +1 scale mail of Elyvilon's Generosity {rPois rCorr Dex+3} (You found it on level 4 of the Dungeon)
  2569 | D:4      | Found a staircase to the Ecumenical Temple.
  2578 | Temple   | Entered the Ecumenical Temple
  2726 | D:4      | Learned a level 4 spell: Sticky Flame
  2729 | D:4      | Learned a level 2 spell: Throw Flame
  2768 | D:4      | Reached skill level 4 in Spellcasting
  2768 | D:4      | Reached XP level 5. HP: 23/35 MP: 0/11
  2893 | D:4      | Noticed an ice beast
  2903 | D:4      | Killed an ice beast
  2903 | D:4      | Reached XP level 6. HP: 29/41 MP: 0/12
  3300 | D:4      | Noticed Natasha
  3311 | D:4      | Killed Natasha
  3842 | D:4      | Noticed Natasha
  3857 | D:4      | Killed Natasha
  4390 | D:5      | Entered Level 5 of the Dungeon
  4521 | D:5      | HP: 2/41 [something (3)]
  4523 | D:5      | Slain by an orc wizard

Vault maps used:
D:1:      elethiomel_arrival_infinity_welcomes_careful_drivers
D:2:      kennysheep_generic_room_6
D:3:      chequers_ecumenical_altar_island
D:4:      lightli_corner_chamber, uniq_natasha
D:5:      lemuel_zombie_altar_kikubaaqudgha, nemelex_xobeh_ov_fountains_minmay,
          first_bread, item_on_display_a, uniq_menkaure, uniq_crazy_yiuf_cottage
Temple:   nicolae_temple_figure_zero

Skill      XL: |  1  2  3  4 |
---------------+-------------+-----
Conjurations   | 1 2 3 |  3.8
Spellcasting   | 3 4 |  4.8
Fire Magic     | 3 |  3.7
Dodging        | |  1.5
Stealth        | |  1.5

Action                   |  1- 3 |  4- 6 || total
-------------------------+-------+-------++-------
Melee: Dagger            |    14 |    20 ||    34
 Cast: Flame Tongue      |    74 |    59 ||   133
       Throw Flame       |       |    18 ||    18
       Conjure Flame     |       |     4 ||     4
       Sticky Flame      |       |     3 ||     3
  Use: Scroll            |       |     2 ||     2
Armor: Robe              |     7 |     3 ||    10
Dodge: Dodged            |    31 |    19 ||    50
